 Dungeon Crawl Stone Soup version 0.31-a0-174-g85c54bcb58 (webtiles) character file.

Game seed: 13259119874418467618

187 qw the Chopper (level 5, -18/32 HPs)
             Began as a Gargoyle Fighter on June 15, 2023.
             Demolished by an ogre
             ... wielding a +0 giant spiked club
              (23 damage)
             ... on level 4 of the Dungeon.
             The game lasted 00:01:30 (2903 turns).

qw the Chopper (Gargoyle Fighter)                   Turns: 2903, Time: 00:01:31

Health: -18/32     AC: 17    Str: 22    XL:     5   Next: 66%
Magic:  5/5        EV:  8    Int:  8    God:
Gold:   221        SH:  4    Dex:  9    Spells: 4/4 levels left

rFire   . . .        Y - +0 war axe
rCold   . . .        c - +0 buckler
rNeg    + + .        p - +0 chain mail
rPois   inf          (no helmet)
rElec   +            (no cloak)
rCorr   .            (no gloves)
SInv    .            (no boots)
Will    .....        (no amulet) Stlth
                     i - +4 ring of protection
HPRegen 0.25/turn    l - ring of positive energy
MPRegen 0.09/turn

%: no passive effects
@: no status effects
A: sickness immunity, AC +4, negative energy resistance 1, electricity
resistance, torment resistance 1, petrification resistance
a: no special abilities


You were on level 4 of the Dungeon.
You visited 1 branch of the dungeon, and saw 4 of its levels.

You collected 221 gold pieces.


Innate Abilities, Weirdness & Mutations

You are immune to sickness and miasma.
Your stone body is resilient. (AC +4)
You are immune to poison.
You resist negative energy. (rN+)
You are resistant to electric shocks. (rElec)
You are resistant to unholy torment.
You are immune to petrification.


   Skills:
 + Level 3.4 Fighting
 - Level 5.1 Axes
 - Level 3.2 Armour
 - Level 3.2 Shields


You had 4 spell levels left.
You didn't know any spells.
Your spell library was empty.

Inventory:

Hand Weapons
 a - a +0 flail
 Y - a +0 war axe (weapon)
Missiles
 m - a boomerang (quivered)
Armour
 c - a +0 buckler (worn)
 p - a +0 chain mail (worn)
Jewellery
 i - a +4 ring of protection (left hand)
 l - a ring of positive energy (right hand)
Scrolls
 g - a scroll of fear {unknown}
 h - 2 scrolls of identify
Potions
 b - a potion of brilliance {unknown}
 d - a potion of might
 e - 4 potions of curing
 f - a potion of attraction
 j - a potion of mutation

Dungeon Overview and Level Annotations

Branches:
Dungeon (4/15)
 Temple: D:4-7

Altars:
Ashenzari

Shops:
D:3 (


Message History

You block the orc's attack.
You barely miss the orc. x3
The orc hits you with a +0 hand axe. The orc hits you with a +0 club.
The orc hits you with a +0 hand axe.
You hit the orc.
The orc is heavily wounded.
You slash the orc!
You kill the orc!
You closely miss the orc. The orc barely misses you.
The orc hits you but does no damage.
You hit the orc.
You kill the orc!
You closely miss the orc. You closely miss the ogre.
The orc hits you but does no damage. The ogre closely misses you.
The orc hits you but does no damage.
You completely miss the ogre. You barely miss the orc.
The ogre hits you with a +0 giant spiked club!!
Ouch! That really hurt!
The orc hits you but does no damage.
2898 ||| DRINKING potion of heal wounds.
You feel much better. You block the orc's attack. The ogre closely misses you.
You barely miss the ogre. You hit the orc. The orc hits you with a +0 club.
The ogre hits you but does no damage.
You hit the orc but do no damage.
The orc is lightly wounded.
You hit the ogre but do no damage. The orc closely misses you.
The orc hits you but does no damage.
The ogre hits you with a +0 giant spiked club!
You slash the orc!
You kill the orc!
You hit the ogre but do no damage. You slash the ogre!
The ogre is moderately wounded.
You block the ogre's attack.
You slash the ogre!
The ogre is almost dead.
The ogre hits you with a +0 giant spiked club!!
Ouch! That really hurt!
You die...

###................
##.#.%...##.........
##....#...##.#...##..
#....%#....####.. #..
##...................
#...#..............#
###..#......... .....
#.............. ..
#...@......... ..
#...)O).......)
##....<#.......
###...#....... #....
.... ..........
...... ... ........


You could see an ogre.

Vanquished Creatures
  A scorpion (D:4)
  Jessica (D:3)
  An adder (D:2)
  4 worms
  3 dart slugs
  5 orcs
  7 endoplasms
  A giant cockroach (D:2)
  2 goblins
  7 hobgoblins
  2 jackals (D:2)
  8 kobolds
  2 quokkas
  10 ball pythons
  9 bats
  4 frilled lizards
  7 rats
74 creatures vanquished.

Notes
Turn   | Place    | Note
-------+----------+-------------------------------------------
     0 | D:1      | qw the Gargoyle Fighter began the quest for the Orb.
     0 | D:1      | Reached XP level 1. HP: 14/14 MP: 1/1
     0 | D:1      | 0 ||| qw: Version: 0.2-a-29-g511e9b1
     0 | D:1      | 0 ||| qw: Game counter: 5596
     0 | D:1      | 0 ||| qw: Always use a shield: true
     0 | D:1      | 0 ||| qw: God list: Okawaru
     0 | D:1      | 0 ||| qw: Allow faded altars: false
     0 | D:1      | 0 ||| qw: Do Orc after D:15 true
     0 | D:1      | 0 ||| qw: Do second Lair branch before Depths: true
     0 | D:1      | 0 ||| qw: Lair rune preference: random
     0 | D:1      | 0 ||| qw: Plans: Normal, Zot:1-4, Slime:5, God:TSO, Crypt,
                  | Tomb, Abyss, Pan, Hells, Win
     0 | D:1      | 0 ||| PLANNING D:1-11
    18 | D:1      | 18 ||| Stepping ~*~*~tactically~*~*~ (hiding).
    20 | D:1      | 20 ||| Stepping ~*~*~tactically~*~*~ (hiding).
    21 | D:1      | 21 ||| Stepping ~*~*~tactically~*~*~ (hiding).
    24 | D:1      | 24 ||| Stepping ~*~*~tactically~*~*~ (hiding).
    31 | D:1      | Reached skill level 2 in Axes
   336 | D:1      | Reached XP level 2. HP: 19/19 MP: 2/2
   344 | D:1      | 344 ||| Stepping ~*~*~tactically~*~*~ (hiding).
   631 | D:1      | 631 ||| Stepping ~*~*~tactically~*~*~ (stealth).
   634 | D:1      | 634 ||| Stepping ~*~*~tactically~*~*~ (stealth).
   762 | D:1      | Found a faded altar of an unknown god.
   957 | D:1      | 957 ||| READING scroll labelled FUEZIG OSHRU.
   961 | D:1      | 961 ||| READING scroll labelled JINNEYSM YMOD.
   962 | D:1      | 962 ||| DRINKING 2 fizzy brown potions.
  1024 | D:2      | 1024 ||| DROPPING +0 whip.
  1142 | D:2      | 1142 ||| Stepping ~*~*~tactically~*~*~ (stealth).
  1250 | D:2      | Reached skill level 3 in Axes
  1397 | D:2      | Reached XP level 3. HP: 23/23 MP: 3/3
  1408 | D:2      | 1408 ||| Stepping ~*~*~tactically~*~*~ (hiding).
  1601 | D:2      | Found a broken altar of Ashenzari.
  1664 | D:2      | 1664 ||| Stepping ~*~*~tactically~*~*~ (stealth).
  2089 | D:2      | 2089 ||| UPGRADING to +4 ring of protection.
  2090 | D:2      | 2090 ||| READING 6 scrolls labelled JEUKOU RANU.
  2091 | D:2      | 2091 ||| READING scroll labelled VUUGEMYORUU.
  2092 | D:2      | 2092 ||| READING scroll labelled OLUENADUIKK.
  2093 | D:2      | 2093 ||| DRINKING 2 cyan potions.
  2094 | D:2      | 2094 ||| READING 5 scrolls of identify.
  2094 | D:2      | 2094 ||| IDENTIFYING brown potion
  2095 | D:2      | 2095 ||| READING 4 scrolls of identify.
  2095 | D:2      | 2095 ||| IDENTIFYING puce potion
  2096 | D:2      | 2096 ||| READING 3 scrolls of identify.
  2096 | D:2      | 2096 ||| IDENTIFYING metallic green potion
  2097 | D:2      | 2097 ||| DROPPING potion of invisibility.
  2098 | D:2      | 2098 ||| DROPPING potion of degeneration.
  2157 | D:3      | Reached XP level 4. HP: 28/28 MP: 4/4
  2182 | D:3      | Noticed Jessica
  2186 | D:3      | Killed Jessica
  2187 | D:3      | Reached skill level 4 in Axes
  2232 | D:3      | 2232 ||| Stepping ~*~*~tactically~*~*~ (stealth).
  2238 | D:3      | 2238 ||| Stepping ~*~*~tactically~*~*~ (stealth).
  2239 | D:3      | 2239 ||| Stepping ~*~*~tactically~*~*~ (stealth).
  2240 | D:3      | 2240 ||| Stepping ~*~*~tactically~*~*~ (stealth).
  2285 | D:3      | Found Guiqughu's Weapon Shop.
  2457 | D:3      | 2457 ||| Stepping ~*~*~tactically~*~*~ (hiding).
  2458 | D:3      | 2458 ||| Stepping ~*~*~tactically~*~*~ (hiding).
  2668 | D:3      | Reached XP level 5. HP: 32/32 MP: 5/5
  2686 | D:3      | 2686 ||| UPGRADING to +0 chain mail.
  2696 | D:3      | 2696 ||| DROPPING +0 scale mail.
  2697 | D:3      | 2697 ||| DROPPING ring of wizardry.
  2698 | D:3      | 2698 ||| UPGRADING to ring of positive energy.
  2699 | D:3      | 2699 ||| READING scroll labelled LUCOPRO POMA.
  2700 | D:3      | 2700 ||| READING scroll labelled XAIGYZARIVVEM.
  2701 | D:3      | 2701 ||| READING scroll labelled ZOGUSI XAGOI.
  2702 | D:3      | 2702 ||| READING 3 scrolls of identify.
  2702 | D:3      | 2702 ||| IDENTIFYING golden potion
  2794 | D:4      | 2794 ||| Stepping ~*~*~tactically~*~*~ (stealth).
  2818 | D:4      | Reached skill level 5 in Axes
  2818 | D:4      | 2818 ||| Stepping ~*~*~tactically~*~*~ (hiding).
  2889 | D:4      | 2889 ||| Stepping ~*~*~tactically~*~*~ (hiding).
  2890 | D:4      | Noticed an ogre
  2897 | D:4      | HP: 1/32 [ogre/+0 giant spiked club (25)]
  2898 | D:4      | 2898 ||| DRINKING potion of heal wounds.
  2903 | D:4      | Demolished by an ogre

Levels and vault maps discovered:
D:1:      mrwooster_arrival_statue_3, layout_loops_cross,
          hellmonk_ecumenical_altar_inner_sanctum, hangedman_decor_opposing
D:2:      layout_basic, basic_altar, amcnicky_mini_corridor_feature
D:3:      layout_rooms, serial_shops, shop, minmay_unequal, uniq_jessica
D:4:      layout_cave_pools, minmay_temple_entry_enclosed_plants, serial_shops,
          shop

Skill      XL: |  1  2  3  4  5 |
---------------+----------------+-----
Axes           | 2 3 4 5 |  5.1
Fighting       | |  3.4
Armour         | |  3.2
Shields        | |  3.2

Action                     |  1- 3 |  4- 6 || total
---------------------------+-------+-------++-------
  Melee: War axe           |    96 |    91 ||   187
  Throw: Boomerang         |       |    27 ||    27
    Use: Scroll            |     8 |     4 ||    12
         Potion            |     2 |     1 ||     3
 Armour: Scale mail        |    39 |    38 ||    77
         Chain mail        |       |    23 ||    23
  Dodge: Dodged            |    34 |    31 ||    65
  Block: Buckler           |    13 |    20 ||    33

Table legend:
 A = Non-vault XP
 B = Vault XP
 C = Vault XP percentage of total XP
 D = Non-vault monster count
 E = Vault monster count
 F = Vault count percentage of total count
                 A         B        C        D         E       F
            +---------+---------+-------+---------+---------+-------
      Total |     228 |      40 |  14.9 |      70 |       4 |   5.4
            +---------+---------+-------+---------+---------+-------
        D:1 |      19 |       0 |   0.0 |      11 |       0 |   0.0
        D:2 |      62 |       0 |   0.0 |      27 |       0 |   0.0
        D:3 |      45 |      40 |  47.1 |      24 |       4 |  14.3
        D:4 |     102 |       0 |   0.0 |       8 |       0 |   0.0
            +---------+---------+-------+---------+---------+-------
